 Dungeon Crawl Stone Soup version 0.21.1-1-g345015f (webtiles) character file.

13306 glosham the Cleaver (level 11, -2/160 HPs)
             Began as a Troll Berserker on Apr 15, 2018.
             Was the Champion of Trog.
             Slain by a white ugly thing (39 damage)
             ... in an ice cave.
             The game lasted 02:16:05 (6359 turns).

glosham the Cleaver (Troll Berserker)               Turns: 6359, Time: 02:16:05

Health: -2/160     AC: 15    Str: 32    XL:     11   Next: 73%
Magic:  3/3        EV: 16    Int:  7    God:    Trog [******]
Gold:   451        SH:  0    Dex: 17    Spells: 10/10 levels left

rFire    . . .     SeeInvis .   d - +3 battleaxe (antimagic)
rCold    . . .     Gourm    +   (shield currently unavailable)
rNeg     . . .     Faith    .   X - +1 animal skin
rPois    .         Spirit   .   W - +2 hat
rElec    .         Reflect  .   Y - +1 cloak
rCorr    .         Harm     +   (gloves unavailable)
MR       +....                  (boots unavailable)
Stlth    ..........             z - amulet of harm
HPRegen  0.76/turn              A - +4 ring of protection
MPRegen  0.08/turn              B - ring of protection from magic

@: agile, berserking, very slightly contaminated, hasted, very quick
A: large, unfitting armour, claws 3, clever 2, fast metabolism 3, gourmand,
regeneration 1, shaggy fur 2, tough skin 2
a: Berserk, Trog's Hand, Brothers in Arms, Burn Spellbooks, Renounce Religion


You were in an ice cave.
You worshipped Trog.
Trog was exalted by your worship.
You were not hungry.

You visited 2 branches of the dungeon, and saw 10 of its levels.
You also visited: Sewer and Ice Cave.

You collected 605 gold pieces.
You spent 154 gold pieces at shops.

Inventory:

Hand Weapons
 a - a +2 war axe of electrocution
 b - a +2 hand axe of flaming
 c - a +0 blowgun
 d - a +3 antimagic battleaxe (weapon)
Missiles
 f - 19 tomahawks
 x - 5 poisoned javelins (quivered)
 y - 3 steel javelins
Armour
 W - a +2 hat (worn)
 X - a +1 animal skin (worn)
 Y - a +1 cloak (worn)
Jewellery
 z - an amulet of harm (around neck)
 A - a +4 ring of protection (left claw)
 B - a ring of protection from magic (right claw)
 D - an uncursed ring of protection from fire
 E - an uncursed ring of fire
 P - an uncursed ring of poison resistance
 S - an uncursed ring of resist corrosion
Wands
 g - a wand of digging (33)
 h - a wand of polymorph (10)
 i - a wand of iceblast (18)
Scrolls
 k - 8 scrolls of teleportation
 l - a scroll of blinking
 m - 2 scrolls of fog
 o - a scroll of remove curse
 F - a scroll of magic mapping
 G - a scroll of amnesia
Potions
 j - 3 potions of lignification
 n - 5 potions of flight
 p - a potion of ambrosia
 q - a potion of might
 r - 7 potions of curing
 s - 4 potions of heal wounds
 t - a potion of haste
Comestibles
 e - 25 rations


   Skills:
 - Level 6.6 Fighting
 * Level 14.3 Axes
 - Level 2.4 Dodging


You had 10 spell levels left.
You didn't know any spells.

Dungeon Overview and Level Annotations

Branches:
Dungeon (9/15)             Temple (0/1) D:5            Lair (1/6) D:9
    Orc: D:9-12

Altars:
Nemelex Xobeh
Vehumet

Shops:
D:6 [

Annotations:
IceCv exclusion: 2 ice statues


Innate Abilities, Weirdness & Mutations

You are too large for most types of armour.
You have claws for hands.
Your metabolism is lightning-fast.
You like to eat raw meat.
Your natural rate of healing is unusually fast.
You are covered in thick fur. (AC +2)
You have very tough skin. (AC +2)
Your mind is very acute. (Int +4)


Message History

The white ugly thing tentacle-slaps you but does no damage.
You closely miss the white ugly thing. You closely miss the ice beast.
You are engulfed in freezing vapours.
The ice statue glitters chillingly in the dim dungeon light.
The ice beast closely misses you.
You slice the white ugly thing!!
The white ugly thing is heavily wounded.
You slash the ice beast!
You feel the power of Trog in you as your rage grows.
You kill the ice beast!
You slash the ice beast! x2; You are engulfed in freezing vapours.
The white ugly thing misses you. The ice beast misses you.
The ice beast completely misses you.
You closely miss the white ugly thing.
The white ugly thing is heavily wounded.
You closely miss the ice beast. You hit the ice beast.
You are engulfed in freezing vapours.
* * * LOW HITPOINT WARNING * * *
The white ugly thing tentacle-slaps you but does no damage.
You barely miss the white ugly thing.
The white ugly thing is heavily wounded.
You slash the ice beast! You slice the ice beast!!
You kill the ice beast!
The ice beast barely misses you.
Unknown command.
You closely miss the white ugly thing.
The white ugly thing is heavily wounded.
You hit the ice beast. You closely miss the ice beast.
The white ugly thing closely misses you.
The ice statue gestures. x2
The ice beast barely misses you. The ice beast misses you.
You slash the white ugly thing!
The white ugly thing is severely wounded.
You slash the ice beast! x2
You feel the power of Trog in you as your rage grows.
You kill the ice beast!
The white ugly thing tentacle-slaps you.
* * * LOW HITPOINT WARNING * * *
The white ugly thing freezes you!!
You die...

#..§§§§.[.#
#####†#####
#8Y......8#
#.........#
#.......Y.#
#.........#
#.........#
##....Y..##
##..@..##
###u### ...
.....
.......
.........
#%.......$#
#).......(#


You could see 2 ice statues, a white ugly thing and 3 ice beasts.

Vanquished Creatures
  A hydra (D:8)
  2 two-headed ogres
  The ghost of Verendum the Basher, a novice MiMo of the Shining One (D:8)
  The ghost of Jaiteiro the Slinger, a novice HaHu of Okawaru (D:4)
  An ugly thing (IceCv)
  Joseph (D:8)
  The ghost of appiemonkey the Shield-Bearer, a novice VSFi of Okawaru (D:5)
  An ice statue (IceCv)
  Grinder (D:6)
  A hornet (D:7)
  2 dream sheep (D:8)
  3 hippogriffs (D:8)
  A shadow (D:7)
  7 yaks
  3 hungry ghosts
  2 wargs (D:9)
  4 sky beasts
  7 orc warriors
  2 black bears (D:7)
  9 ice beasts
  A necrophage (D:6)
  4 ogres
  3 centaurs
  6 big kobolds
  7 bullfrogs
  5 scorpions
  A water moccasin skeleton (D:5)
  A wight (D:7)
  2 howler monkeys
  9 orc priests
  13 orc wizards
  2 quasits
  Crazy Yiuf (D:2)
  4 hounds
  3 jellies
  2 bullfrog skeletons
  A centaur skeleton (D:8)
  7 iguanas
  3 worker ants
  A hound skeleton (D:5)
  A worker ant zombie (D:7)
  A howler monkey skeleton (D:8)
  9 river rats (D:6)
  8 adders
  4 shadow imps
  2 oozes
  An adder skeleton (D:4)
  4 worms
  3 dart slugs
  6 leopard geckos
  39 orcs
  6 bats
  11 giant cockroaches
  9 goblins
  6 hobgoblins
  19 jackals
  14 quokkas
  5 ball pythons
  7 frilled lizards
  A jackal skeleton (D:7)
  30 kobolds
  A leopard gecko skeleton (D:5)
  A quokka zombie (D:7)
  31 rats
  A plant (D:2)
347 creatures vanquished.

Vanquished Creatures (collateral kills)
  A komodo dragon (D:7)
  A hungry ghost (D:7)
  An ogre (D:7)
  A phantom (D:7)
  An adder (D:7)
  A leopard gecko (D:7)
6 creatures vanquished.

Grand Total: 353 creatures vanquished

Notes
Turn   | Place    | Note
-------+----------+-------------------------------------------
     0 | D:1      | glosham the Troll Berserker began the quest for the Orb.
     0 | D:1      | Reached XP level 1. HP: 22/22 MP: 0/0
    60 | D:1      | Reached XP level 2. HP: 29/29 MP: 1/1
   239 | D:1      | Reached skill level 3 in Fighting
   239 | D:1      | Reached skill level 3 in Axes
   246 | D:1      | Reached ** piety under Trog
   246 | D:1      | Reached XP level 3. HP: 32/37 MP: 2/2
   450 | D:2      | Found a runed door.
   454 | D:2      | Noticed Crazy Yiuf
   458 | D:2      | Killed Crazy Yiuf
   571 | D:2      | Reached XP level 4. HP: 45/45 MP: 3/3
   911 | D:2      | Reached *** piety under Trog
  1120 | D:3      | You fall through a shaft!
  1121 | D:4      | Reached XP level 5. HP: 54/54 MP: 4/4
  1353 | D:3      | Found a radiant altar of Vehumet.
  1662 | D:4      | Reached skill level 4 in Fighting
  1662 | D:4      | Reached skill level 4 in Axes
  1802 | D:4      | Reached XP level 6. HP: 56/63 MP: 5/5
  1931 | D:4      | Reached **** piety under Trog
  1931 | D:4      | Reached skill level 5 in Fighting
  1931 | D:4      | Reached skill level 5 in Axes
  1931 | D:4      | Reached XP level 7. HP: 72/72 MP: 6/6
  1979 | D:4      | Noticed Jaiteiro's ghost (novice HaHu)
  2014 | D:4      | Killed Jaiteiro's ghost
  2014 | D:4      | Reached skill level 6 in Fighting
  2014 | D:4      | Reached skill level 6 in Axes
  2014 | D:4      | Reached XP level 8. HP: 52/83 MP: 7/7
  2067 | D:5      | Entered Level 5 of the Dungeon
  2172 | D:5      | Found a glowing drain.
  2184 | D:5      | Noticed appiemonkey's ghost (novice VSFi)
  2195 | D:5      | Killed appiemonkey's ghost
  2213 | Sewer    | Entered a sewer
  2468 | D:5      | Found a staircase to the Ecumenical Temple.
  2506 | D:5      | Reached skill level 7 in Axes
  2585 | D:5      | Reached ***** piety under Trog
  2749 | D:5      | Reached skill level 8 in Axes
  2841 | D:6      | Reached XP level 9. HP: 89/92 MP: 8/8
  2856 | D:6      | Noticed Grinder
  2861 | D:6      | Killed Grinder
  2993 | D:6      | Found Yxajack's Armour Shoppe.
  2996 | D:6      | Bought a +1 hat for 154 gold pieces
  3072 | D:6      | Reached skill level 9 in Axes
  3171 | D:6      | Received a gift from Trog
  3473 | D:7      | Reached skill level 10 in Axes
  3852 | D:7      | Found a sparkling altar of Nemelex Xobeh.
  3912 | D:7      | Reached XP level 10. HP: 100/100 MP: 9/9
  3931 | D:7      | Reached skill level 11 in Axes
  4094 | D:7      | Received a gift from Trog
  4361 | D:7      | Identified the Disquisition on Aerial Summoning
  4395 | D:7      | Noticed a two-headed ogre
  4398 | D:7      | Killed a two-headed ogre
  4398 | D:7      | Reached skill level 12 in Axes
  4642 | D:8      | Noticed a two-headed ogre
  4646 | D:8      | Killed a two-headed ogre
  4848 | D:8      | Reached XP level 11. HP: 107/107 MP: 10/10
  4888 | D:8      | Reached skill level 13 in Axes
  4916 | D:8      | Noticed a two-headed hydra
  4922 | D:8      | Killed a one-headed hydra
  4962 | D:8      | Noticed Verendum's ghost (novice MiMo)
  4969 | D:8      | Killed Verendum's ghost
  5160 | D:8      | Noticed Joseph
  5176 | D:8      | Killed Joseph
  5425 | D:9      | Reached ****** piety under Trog
  5447 | D:9      | Found a staircase to the Lair.
  5459 | D:9      | Reached skill level 14 in Axes
  5966 | D:9      | Received a gift from Trog
  6014 | Lair:1   | Entered Level 1 of the Lair of Beasts
  6131 | Lair:1   | Found a frozen archway.
  6142 | IceCv    | Entered an ice cave
  6178 | IceCv    | Noticed a white ugly thing
  6189 | IceCv    | Killed a purple ugly thing
  6222 | IceCv    | Gained mutation: Your mind is acute. (Int +2) [potion of mutation]
  6222 | IceCv    | Gained mutation: Your mind is very acute. (Int +4) [potion of mutation]
  6222 | IceCv    | Gained mutation: You are covered in thick fur. (AC +2) [potion of mutation]
  6344 | IceCv    | Noticed a white ugly thing
  6359 | IceCv    | Slain by a white ugly thing

Skill      XL: |  1  2  3  4  5  6  7  8  9 10 11 |
---------------+----------------------------------+-----
Fighting       | 3 4 5 6 |  6.6
Axes           | 3 4 5 6 8 10 12 14 | 14.3
Dodging        | |  2.4

Action                   |  1- 3 |  4- 6 |  7- 9 | 10-12 || total
-------------------------+-------+-------+-------+-------++-------
Melee: Hand axe          |    74 |       |   278 |    66 ||   418
       Quarterstaff      |     5 |   162 |    33 |       ||   200
       War axe           |       |       |       |   232 ||   232
       Battleaxe         |       |       |       |    15 ||    15
Throw: Javelin           |     1 |     2 |    10 |       ||    13
       Tomahawk          |       |       |     4 |       ||     4
Invok: Berserk           |     1 |       |     9 |     6 ||    16
       Burn Spellbooks   |       |     1 |       |     3 ||     4
       Brothers in Arms  |       |       |       |     1 ||     1
Evoke: Wand              |       |       |     2 |     5 ||     7
  Use: Scroll            |     4 |     5 |     3 |    11 ||    23
       Potion            |       |       |       |     8 ||     8
 Stab: Sleeping          |       |     4 |     4 |     1 ||     9
  Eat: Chunk             |    12 |    13 |    31 |    36 ||    92
Armor: Animal skin       |    20 |    73 |   109 |   100 ||   302
       Skin              |       |       |       |     2 ||     2
Dodge: Dodged            |    36 |    85 |   128 |    91 ||   340

Table legend:
 A = Turns spent in this place as a percentage of turns spent in the entire game.
 B = Non-inter-level travel turns spent in this place as a percentage of non-inter-level travel turns spent in the entire game.
 C = Inter-level travel turns spent in this place as a percentage of turns spent in this place.
 D = Turns resting spent in this place as a percentage of non-inter-level travel turns spent in this place.
 E = Turns spent auto-exploring this place as a percentage of non-inter-level travel turns spent in this place.
 F = Non-inter-level travel turns spent in this place divided by the number of levels of this place that you've seen.
                   A       B       C       D       E      F
               +-------+-------+-------+-------+-------+----------------------
         Total | 100.0 | 100.0 |   5.3 |   2.4 |   0.0 | 501.7
       Dungeon |  91.1 |  90.6 |   5.9 |   0.7 |   0.0 | 605.8
          Lair |   2.0 |   2.1 |   0.0 |   0.0 |   0.0 | 128.0
         Sewer |   3.5 |   3.7 |   0.0 |   0.0 |   0.0 | 223.0
      Ice Cave |   3.4 |   3.6 |   0.0 |  51.2 |   0.0 | 217.0
               +-------+-------+-------+-------+-------+----------------------

Table legend:
 A = Kills in this place as a percentage of kills in entire the game.
 B = Kills by you in this place as a percentage of kills by you in the entire game.
 C = Kills by friends in this place as a percentage of kills by friends in the entire game.
 D = Other kills in this place as a percentage of other kills in the entire game.
 E = Experience gained in this place as a percentage of experience gained in the entire game.
 F = Experience gained in this place divided by the number of levels of this place that you have seen.
                   A       B       C       D       E      F
               +-------+-------+-------+-------+-------+----------------------
         Total | 100.0 | 100.0 | 100.0 |   N/A | 100.0 | 1584.1
       Dungeon |  90.9 |  90.8 | 100.0 |   N/A |  89.6 | 1892.0
         Sewer |   6.8 |   6.9 |   0.0 |   N/A |   1.4 | 257.0
      Ice Cave |   2.3 |   2.3 |   0.0 |   N/A |   9.1 | 1724.0
               +-------+-------+-------+-------+-------+----------------------

Vault maps used:
D:1:      minmay_arrival_solitary_statue
D:2:      first_ration, lexackson_kobold_supper, uniq_crazy_yiuf_cottage
D:3:      lemuel_coloured_pillars_altar
D:5:      minmay_temple_entry_butterflies, gup_sewer_entry_glass
D:6:      lemuel_ratsnest, serial_shops, nicolae_shop_behind_doors,
          serial_park_tiny_2, uniq_grinder
D:7:      minmay_the_grid_octo_tiled_squarecenter, nemelex_altar_shiori
D:8:      hangedman_ranch, uniq_joseph
D:9:      erik_lair_orcish_takeover
Lair:1:   portal_ice_cave_entry_pillars_1, serial_bayou_shore_a
Sewer:    kennysheep_pipe_town
IceCv:    ice_cave_statue_garden_chambered
